 Dungeon Crawl Stone Soup version 0.15-a0-53-g5e01d95 (webtiles) character file.

3472 4tharraofdagon the Cudgeler (level 9, -3/69 HPs)
             Began as a Demonspawn Gladiator on Apr 4, 2014.
             Was a Believer of Kikubaaqudgha.
             Shot with an arrow by a centaur (6 damage)
             ... led by a centaur warrior
             ... on Level 12 of the Dungeon.
             The game lasted 00:16:24 (3133 turns).

4tharraofdagon the Cudgeler (Demonspawn Gladiator)  Turns: 3133, Time: 00:16:24

HP  -3/69        AC 14     Str 17      XL: 9   Next: 74%
MP  12/15        EV  8     Int 12      God: Kikubaaqudgha [**....]
Gold 91          SH  0     Dex 13      Spells:  0 memorised, 12 levels left

rFire  . . .     SeeInvis .     p - +2 flail (protect)
rCold  . . .     Clarity  .     E - +0 scale mail
rNeg   + . .     Conserve .     (no shield)
rPois  +         rCorr    .     X - +0 hat of the Evening {rPois MR++}
rElec  .         rRot     .     l - +0 cloak
SustAb . .       Spirit   .     (no gloves)
rMut   .         Warding  +     (no boots)
Saprov . . .     Stasis   .     F - amulet of warding
MR     ++...                    (no ring)
                                h - ring of sustenance

@: very slightly contaminated, hasted, very quick, very resistant to hostile
enchantments, extremely unstealthy
A: talons 2, slimy green scales 1, nightstalker 1, spiny 1
a: Receive Corpses, Renounce Religion


You were on level 12 of the Dungeon.
You worshipped Kikubaaqudgha.
Kikubaaqudgha was pleased with you.
You were not hungry.

You visited 1 branch of the dungeon, and saw 12 of its levels.
You also visited: Sewer.

You collected 259 gold pieces.
You spent 168 gold pieces at shops.

Inventory:

Hand weapons
 a - a +0,+0 long sword
 k - a +3,+4 quarterstaff of chaos
 p - a +2,+2 flail of protection (weapon)
 y - a +0,+0 lajatang
 O - the +8,+8 bow of Krishna "Sharnga" {speed, Dex+3 SInv}
   (You found it on level 7 of the Dungeon)

   Attacks with this weapon are significantly faster.
   It affects your dexterity (+3).
   It enhances your eyesight.
Missiles
 K - 2 needles of slowing
 S - 8 darts of flame (quivered)
Armour
 b - a +0 leather armour
 c - a +0 helmet
 g - a +0 helmet
 l - a +0 cloak (worn)
 m - a +0 ring mail
 r - a +0 helmet
 E - a +0 scale mail (worn)
 X - the cursed +0 hat of the Evening (worn) {rPois MR++}
   (You found it on level 10 of the Dungeon)

   It protects you from poison.
   It affects your resistance to hostile enchantments.
   It has a curse placed upon it.
Magical devices
 v - a wand of flame (3)
 w - a wand of confusion (0)
 R - a wand of frost (10)
 Z - a wand of disintegration (9)
Comestibles
 f - 2 bread rations
 z - an apricot
 C - a royal jelly
 N - an orange
 V - 6 rotting chunks of centaur flesh
Scrolls
 d - a scroll of blinking {unknown}
 i - 2 scrolls of noise {unknown}
 j - 5 scrolls of remove curse
 n - a scroll of immolation {unknown}
 o - 3 scrolls of enchant armour {unknown}
 u - 5 scrolls of teleportation {unknown}
 G - a scroll of enchant weapon II
 H - 2 scrolls of enchant weapon I {unknown}
 J - a scroll of random uselessness {unknown}
 L - a scroll of magic mapping
 M - a scroll of fog
 P - 3 scrolls of fear {unknown}
 Y - a scroll of enchant weapon III {unknown}
Jewellery
 h - a ring of sustenance (left hand)
 F - an amulet of warding (around neck)
Potions
 q - a potion of cure mutation
 t - 4 potions of curing
 x - a potion of lignification
 B - a potion of blood
 I - a potion of flight
 T - 2 potions of restore abilities
 W - a potion of brilliance
Books
 e - a book of Ice

   Spells                             Type                      Level
   Freezing Aura                      Charms/Ice                   2
   Metabolic Englaciation             Hexes/Ice                    5
   Ozocubu's Refrigeration            Ice                          6
   Bolt of Cold                       Conjuration/Ice              6
   Freezing Cloud                     Conjuration/Ice/Air          6
   Simulacrum                         Ice/Necromancy               6
 s - Kikubaaqudgha's Compendium of Sinister Rites
   (Kikubaaqudgha gifted it to you on level 7 of the Dungeon)

   Spells                             Type                      Level
   Pain                               Necromancy                   1
   Corpse Rot                         Necromancy                   2
   Sublimation of Blood               Necromancy                   2
   Regeneration                       Charms/Necromancy            3
   Control Undead                     Necromancy                   4
 D - a book of Flames

   Spells                             Type                      Level
   Flame Tongue                       Conjuration/Fire             1
   Throw Flame                        Conjuration/Fire             2
   Conjure Flame                      Conjuration/Fire             3
   Inner Flame                        Hexes/Fire                   3
   Sticky Flame                       Conjuration/Fire             4
   Fireball                           Conjuration/Fire             5
Magical staves
 U - an uncursed staff of air


   Skills:
 + Level 6.2 Fighting
 - Level 4.3 Long Blades
 * Level 7.5 Maces & Flails
 * Level 4.4 Bows
 - Level 1.7 Throwing
 + Level 6.3 Dodging
 + Level 2.1 Spellcasting


You had 12 spell levels left.
You didn't know any spells.

Dungeon Overview and Level Annotations

Branches:
Dungeon (12/15)
 Temple: D:4-7          Orc: D:9-12        Lair: D:8-11

Altars:
Dithmenos
Kikubaaqudgha
Vehumet
Xom
Yredelemnul
The Shining One

Shops:
D:7 ?


Innate Abilities, Weirdness & Mutations

You have razor-sharp toenails.
You are partially covered in slimy green scales (AC +2).
You are slightly more attuned to the shadows.
You are partially covered in sharp spines.


Message History

The centaur warrior is struck by your spines.
The centaur warrior hits you!
* * * LOW HITPOINT WARNING * * *
Unknown command.
You sock the centaur warrior!
The centaur warrior is almost dead.
The crimson imp zaps a wand.
You resist with almost no effort. The centaur warrior hits you.
* * * LOW HITPOINT WARNING * * *
Unknown command.
Unknown command.
You hit the centaur warrior.
You kill the centaur warrior!
Kikubaaqudgha accepts your kill.
Your Bows skill increases to level 4!
Your Spellcasting skill increases to level 2!
The centaur wields a runed bow.
The centaur shoots an arrow.
The arrow hits you!
You die...
Kikubaaqudgha rasps: "You have failed me!
Welcome... death!"

#.... #.....
... #..... .
#.# .....##
...# #.#
....... .....
... .....#
#...# #.#
.....# #...#
#c# .....#
#[..# #)#
.....#
#...###@####..
.....#
#....(()5......
.....#
#...###.####..
.....# ##.##
.... .....# #.#
..### ####. #.#
.... # #<# ...)
# #.# .... #.#
.


You could see a centaur and a crimson imp.

Vanquished Creatures
  A centaur warrior (D:12)
  A shadow (D:11)
  A wraith (D:11)
  A phantom (D:4)
  A sky beast (D:6)
  Purgy (Sewer)
  An orc warrior (D:7)
  4 ice beasts
  2 ogres
  3 centaurs
  Blork the orc (D:6)
  4 giant frogs
  A scorpion (D:7)
  8 wights
  A crimson imp (D:6)
  A troll skeleton (D:10)
  Crazy Yiuf (D:2)
  A giant frog skeleton (D:5)
  5 hounds
  3 iguanas (D:7)
  6 worker ants
  An orc wizard (D:6)
  A hound zombie (D:7)
  An ogre skeleton (D:7)
  8 adders
  A worm (D:8)
  An orc zombie (D:11)
  4 giant geckos
  13 orcs
  A ball python (D:2)
  4 giant cockroaches
  9 hobgoblins
  5 jackals
  5 bats
  3 giant newts
  A giant spore (D:10)
  5 goblins
  A goblin skeleton (D:4)
  9 kobolds
  An orc skeleton (D:9)
  2 quokkas
  5 rats
129 creatures vanquished.

Vanquished Creatures (others)
  An orc (D:6)
  A ballistomycete (D:10)
2 creatures vanquished.

Grand Total: 131 creatures vanquished

Notes
Turn   | Place    | Note
--------------------------------------------------------------
     0 | D:1      | 4tharraofdagon, the Demonspawn Gladiator, began the quest for the Orb.
     0 | D:1      | Reached XP level 1. HP: 16/16 MP: 1/1
   211 | D:2      | Gained mutation: You have sharp toenails. [demonic ancestry]
   211 | D:2      | Reached XP level 2. HP: 15/22 MP: 2/2
   229 | D:2      | Reached skill level 3 in Long Blades
   335 | D:2      | Noticed Crazy Yiuf
   345 | D:2      | Killed Crazy Yiuf
   345 | D:2      | Reached XP level 3. HP: 8/28 MP: 3/3
   484 | D:1      | Gained mutation: You are partially covered in slimy green scales (AC +2). [demonic ancestry]
   484 | D:1      | Reached XP level 4. HP: 6/34 MP: 4/4
   717 | D:4      | Found a basalt altar of Yredelemnul.
   817 | D:4      | Noticed a phantom
   822 | D:4      | Reached skill level 1 in Maces & Flails
   890 | D:4      | Killed a phantom
   890 | D:4      | Reached skill level 4 in Long Blades
   890 | D:4      | Reached XP level 5. HP: 33/41 MP: 5/5
   916 | D:4      | Noticed an ice beast
   933 | D:4      | Killed an ice beast
   933 | D:4      | Gained mutation: You are slightly more attuned to the shadows. [demonic ancestry]
   933 | D:4      | Reached XP level 6. HP: 8/47 MP: 6/6
   946 | D:5      | Entered Level 5 of the Dungeon
   963 | D:5      | Found an ancient bone altar of Kikubaaqudgha.
  1117 | D:5      | Became a worshipper of Kikubaaqudgha
  1151 | D:5      | Found a glowing drain.
  1180 | Sewer    | Entered a sewer
  1235 | Sewer    | Noticed Purgy
  1248 | Sewer    | Killed Purgy
  1522 | D:6      | Reached XP level 7. HP: 51/53 MP: 7/7
  1574 | D:6      | Found a glowing golden altar of the Shining One.
  1607 | D:6      | Noticed Blork the orc
  1618 | D:6      | Killed Blork the orc
  1657 | D:6      | Reached skill level 5 in Dodging
  1689 | D:6      | Reached skill level 5 in Maces & Flails
  1689 | D:6      | Gained mutation: You have razor-sharp toenails. [demonic ancestry]
  1689 | D:6      | Reached XP level 8. HP: 28/61 MP: 8/8
  1904 | D:6      | Found a shimmering altar of Xom.
  1935 | D:6      | Reached skill level 5 in Fighting
  2010 | D:7      | Acquired Kikubaaqudgha's first power
  2010 | D:7      | Received a gift from Kikubaaqudgha
  2019 | D:7      | Identified Kikubaaqudgha's Compendium of Sinister Rites (Kikubaaqudgha gifted it to you on level 7 of the Dungeon)
  2031 | D:7      | Found Pluy's Magic Scroll Shoppe.
  2042 | D:7      | Bought a scroll of enchant weapon II for 66 gold pieces
  2042 | D:7      | Bought a scroll of magic mapping for 42 gold pieces
  2042 | D:7      | Bought a scroll of remove curse for 36 gold pieces
  2043 | D:7      | Bought a scroll of fog for 24 gold pieces
  2104 | D:7      | Reached skill level 6 in Maces & Flails
  2137 | D:7      | Reached skill level 1 in Bows
  2276 | D:7      | Found a radiant altar of Vehumet.
  2276 | D:7      | Found a shadowy altar of Dithmenos.
  2546 | D:8      | Found an ancient bone altar of Kikubaaqudgha.
  2635 | D:9      | Acquired Kikubaaqudgha's second power
  2635 | D:9      | Gained mutation: You are partially covered in sharp spines. [demonic ancestry]
  2635 | D:9      | Reached XP level 9. HP: 58/68 MP: 9/9
  2671 | D:9      | You fall through a shaft for 3 floors!
  2685 | D:11     | Noticed a manticore
  2689 | D:10     | Entered Level 10 of the Dungeon
  2709 | D:10     | Got an ancient hat
  2713 | D:10     | Identified the cursed +0 hat of the Evening {rPois MR++} (You found it on level 10 of the Dungeon)
  2825 | D:10     | Noticed a hill giant
  3006 | D:11     | Reached skill level 7 in Maces & Flails
  3079 | D:11     | Reached skill level 1 in Spellcasting
  3115 | D:12     | Noticed a centaur warrior
  3132 | D:12     | HP: 3/69 [centaur warrior (4)]
  3133 | D:12     | Killed a centaur warrior
  3133 | D:12     | Shot with an arrow by a centaur

Action                   |  1- 3 |  4- 6 |  7- 9 || total
-------------------------+-------+-------+-------++-------
Melee: Long sword        |    78 |     2 |       ||    80
       Flail             |       |   114 |   319 ||   433
Throw: Throwing net      |     5 |     6 |       ||    11
       Dart              |       |       |     4 ||     4
Evoke: Wand              |       |     8 |    10 ||    18
  Use: Potion            |     2 |     3 |     5 ||    10
       Scroll            |       |     2 |     4 ||     6
 Stab: Held in net/web   |       |     1 |       ||     1
       Sleeping          |       |     1 |       ||     1
       Confused          |       |       |     1 ||     1
